 Dungeon Crawl Stone Soup version 0.26-a0-812-g31a745ddcd (webtiles) character file.

Game seed: 5673163136312674790

68 robertstho the Firebug (level 4, 0/32 HPs)
             Began as a Gnoll Fire Elementalist on Nov 13, 2020.
             Slain by a rat (2 damage)
             ... in a sewer.
             The game lasted 00:02:02 (1717 turns).

robertstho the Firebug (Gnoll Fire Elementalist)    Turns: 1717, Time: 00:02:03

Health: 0/32       AC:  3    Str: 11    XL:     4   Next: 19%
Magic:  2/11       EV: 15    Int: 18    God:
Gold:   77         SH:  0    Dex: 15    Spells: 9/13 levels left

rFire    . . .     SeeInvis .   d - +1 short sword (venom)
rCold    . . .     Faith    .   (no shield)
rNeg     . . .     Spirit   .   a - +0 robe
rPois    .         Reflect  .   (no helmet)
rElec    .         Harm     .   (no cloak)
rCorr    .         Rampage  .   (no gloves)
MR       .....                  i - +0 pair of boots
Stlth    +++.......             (no amulet)
HPRegen  0.10/turn              (no ring)
MPRegen  0.12/turn              (no ring)

@: no status effects
A: distributed training, fangs 1, strong nose
a: no special abilities


You were in a sewer.
You visited 1 branch of the dungeon, and saw 3 of its levels.
You also visited: Sewer.

You collected 77 gold pieces.

Inventory:

Hand Weapons
 d - a +1 short sword of venom (weapon)
Missiles
 f - 7 silver boomerangs (quivered)
 g - 13 poisoned darts
Armour
 a - a +0 robe (worn)
 i - a +0 pair of boots (worn)
Jewellery
 c - an uncursed ring of magical power {unknown}
Scrolls
 b - 2 scrolls of teleportation {unknown}
 e - a scroll of identify {unknown}
 h - a scroll of random uselessness {unknown}
Potions
 j - a potion of cancellation {unknown}
 k - a potion of mutation {unknown}
 l - a potion of brilliance {unknown}


   Skills:
 + Level 1.0 Fighting
 + Level 1.0 Short Blades
 + Level 1.0 Long Blades
 + Level 1.0 Axes
 + Level 1.0 Maces & Flails
 + Level 1.0 Polearms
 + Level 1.0 Staves
 + Level 1.0 Slings
 + Level 1.0 Bows
 + Level 1.0 Crossbows
 + Level 1.0 Throwing
 + Level 1.0 Armour
 + Level 4.6 Dodging
 + Level 4.2 Stealth
 + Level 1.0 Shields
 + Level 1.0 Unarmed Combat
 + Level 5.0 Spellcasting
 + Level 2.2 Conjurations
 + Level 0.8 Hexes
 + Level 0.8 Summonings
 + Level 0.8 Necromancy
 + Level 0.8 Translocations
 + Level 0.8 Transmutations
 + Level 5.4 Fire Magic
 + Level 0.8 Ice Magic
 + Level 0.8 Air Magic
 + Level 0.8 Earth Magic
 + Level 0.8 Poison Magic
 + Level 1.1 Invocations
 + Level 1.0 Evocations


You had 9 spell levels left.
You knew the following spells:

 Your Spells              Type           Power        Failure   Level
a - Foxfire               Conj/Fire      ###.         2%          1
b - Conjure Flame         Conj/Fire      ###.....     9%          3

Your spell library contained the following spells:

 Spells                   Type           Power        Failure   Level
 Inner Flame              Hex/Fire       ###.....     11%         3
 Sticky Flame             Conj/Fire      ###.....     26%         4
 Fireball                 Conj/Fire      ###.......   58%         5


Dungeon Overview and Level Annotations

Branches:
Dungeon (3/15)              Sewer (1/1)

Altars:
Ashenzari
Qazlal


Innate Abilities, Weirdness & Mutations

Your experience applies equally to all skills.
You have very sharp teeth.
Your uncanny sense of smell can sniff out nearby items.


Message History

The river rat looks as sick as possible!
The river rat is heavily wounded.
The rat closely misses you. The river rat bites you.
You hit the river rat but do no damage.
The river rat looks as sick as possible!
The river rat is severely wounded.
The rat bites you but does no damage. The river rat bites you!
* * * LOW HITPOINT WARNING * * *
You closely miss the river rat.
You bite the river rat, but do no damage.
The river rat is severely wounded.
The rat misses you. The river rat bites you!
* * * LOW HITPOINT WARNING * * *
You closely miss the river rat.
The river rat is almost dead.
The rat closely misses you. The river rat misses you.
You hit the river rat.
You kill the river rat!
The rat bites you.
You die...

#≈#
#.#
#.#
#.#
#.#
#.#
#r#
#@#
#†#
#r#
#.#
#.#
#.#
#.#
###


You could see 2 rats.

Vanquished Creatures
  An adder (D:2)
  A river rat (Sewer)
  An ooze (D:3)
  A worm (D:3)
  5 leopard geckos
  2 bats
  4 giant cockroaches
  6 goblins
  4 hobgoblins
  4 jackals
  A kobold (D:1)
  3 rats
33 creatures vanquished.

Vanquished Creatures (others)
  46 foxfires
46 creatures vanquished.

Grand Total: 79 creatures vanquished

Notes
Turn   | Place    | Note
-------+----------+-------------------------------------------
     0 | D:1      | robertstho the Gnoll Fire Elementalist began the quest for
                  | the Orb.
     0 | D:1      | Reached XP level 1. HP: 13/13 MP: 6/6
   256 | D:1      | Reached XP level 2. HP: 13/19 MP: 7/7
  1371 | D:2      | Reached skill level 5 in Spellcasting
  1371 | D:2      | Reached XP level 3. HP: 25/25 MP: 4/9
  1441 | D:2      | Found a stormy altar of Qazlal.
  1480 | D:2      | You fall into a shaft and drop 1 floor!
  1507 | D:3      | Learned a level 3 spell: Conjure Flame
  1530 | D:3      | Reached skill level 1 in Invocations
  1585 | D:3      | Found a broken altar of Ashenzari.
  1683 | D:3      | Found a glowing drain.
  1690 | D:3      | Reached skill level 1 in Fighting
  1690 | D:3      | Reached skill level 1 in Short Blades
  1690 | D:3      | Reached skill level 1 in Long Blades
  1690 | D:3      | Reached skill level 1 in Axes
  1690 | D:3      | Reached skill level 1 in Maces & Flails
  1690 | D:3      | Reached skill level 1 in Polearms
  1690 | D:3      | Reached skill level 1 in Staves
  1690 | D:3      | Reached skill level 1 in Slings
  1690 | D:3      | Reached skill level 1 in Bows
  1690 | D:3      | Reached skill level 1 in Crossbows
  1690 | D:3      | Reached skill level 1 in Throwing
  1690 | D:3      | Reached skill level 1 in Armour
  1690 | D:3      | Reached skill level 1 in Shields
  1690 | D:3      | Reached skill level 1 in Unarmed Combat
  1690 | D:3      | Reached skill level 1 in Evocations
  1697 | D:3      | Reached XP level 4. HP: 23/32 MP: 0/11
  1703 | Sewer    | Entered a sewer
  1715 | Sewer    | HP: 1/32 [river rat (8)]
  1717 | Sewer    | Slain by a rat

Illustrated notes

Levels and vault maps discovered:
D:1:      dpeg_arrival_central, layout_basic
D:2:      minmay_thinvault, layout_loops_ring, grunt_qazlal_clouds, minmay_puff
D:3:      layout_loops_corners, ashenzari_altar_1, portal_sewer_entry_f
Sewer:    sewer_kobolds

Skill      XL: |  1  2  3 |
---------------+----------+-----
Conjurations   | 2 |  2.2
Spellcasting   | 5 |  5.0
Invocations    | 1 |  1.1
Fighting       | 1 |  1.0
Short Blades   | 1 |  1.0
Long Blades    | 1 |  1.0
Axes           | 1 |  1.0
Maces & Flails | 1 |  1.0
Polearms       | 1 |  1.0
Staves         | 1 |  1.0
Slings         | 1 |  1.0
Bows           | 1 |  1.0
Crossbows      | 1 |  1.0
Throwing       | 1 |  1.0
Armour         | 1 |  1.0
Shields        | 1 |  1.0
Unarmed Combat | 1 |  1.0
Evocations     | 1 |  1.0
Dodging        | |  4.6
Stealth        | |  4.2
Hexes          | |  0.8
Summonings     | |  0.8
Necromancy     | |  0.8
Translocations | |  0.8
Transmutations | |  0.8
Fire Magic     | |  5.4
Ice Magic      | |  0.8
Air Magic      | |  0.8
Earth Magic    | |  0.8
Poison Magic   | |  0.8

Action                   |  1- 3 |  4- 6 || total
-------------------------+-------+-------++-------
Melee: Short sword       |    38 |     9 ||    47
       Bite              |     2 |     2 ||     4
 Cast: Foxfire           |    33 |     1 ||    34
 Stab: Sleeping          |     3 |       ||     3
Armor: Robe              |     6 |     1 ||     7
Dodge: Dodged            |    33 |    10 ||    43

Table legend: (Time is in decaauts)
 A = Elapsed time spent in this place.
 B = Non-inter-level travel time spent in this place.
 C = Inter-level travel time spent in this place.
 D = Time resting spent in this place.
 E = Time spent auto-exploring this place.
 F = Levels seen in this place.
 G = Mean time per level.
                   A        B        C        D        E       F      G
               +--------+--------+--------+--------+--------+-----+--------+
         Total |   1721 |   1692 |     29 |      0 |   1361 |   4 |  430.2 |
       Dungeon |   1707 |   1678 |     29 |      0 |   1361 |   3 |  569.0 |
         Sewer |     14 |     14 |      0 |      0 |      0 |   1 |   14.0 |
               +--------+--------+--------+--------+--------+-----+--------+

Top non-repeatable levels by time:
     D:1: 1235 daAuts
     D:2: 246 daAuts
     D:3: 225 daAuts
   Sewer: 14 daAuts
